 Dungeon Crawl Stone Soup version 0.22.1 (webtiles) character file.

24 MalarOregon the Skirmisher (level 3, 33/33 HPs)
             Began as a Hill Orc Fighter on Sept 19, 2018.
             Got out of the dungeon alive.
             The game lasted 00:00:57 (447 turns).

MalarOregon the Skirmisher (Hill Orc Fighter)        Turns: 447, Time: 00:00:58

Health: 33/33      AC:  6    Str: 18    XL:     3   Next: 2%
Magic:  3/3        EV:  7    Int:  9    God:
Gold:   39         SH:  9    Dex: 10    Spells: 2/2 levels left

rFire    . . .     SeeInvis .   a - +0 war axe
rCold    . . .     Gourm    .   c - +0 shield
rNeg     . . .     Faith    .   b - +0 scale mail
rPois    .         Spirit   .   (no helmet)
rElec    .         Reflect  .   (no cloak)
rCorr    .         Harm     .   (no gloves)
MR       .....                  (no boots)
Stlth    ..........             (no amulet)
HPRegen  0.11/turn              (no ring)
MPRegen  0.08/turn              (no ring)

@: no status effects
A: no striking features
a: no special abilities


You escaped.
You were not hungry.

You visited 1 branch of the dungeon, and saw 1 of its levels.

You collected 39 gold pieces.

Inventory:

Hand Weapons
 a - a +0 war axe (weapon)
Armour
 b - a +0 scale mail (worn)
 c - a +0 shield (worn)
Scrolls
 g - a scroll of amnesia {unknown}
 h - a scroll of remove curse {unknown}
Potions
 d - a potion of might
 i - a potion of curing {unknown}
Comestibles
 e - 4 rations {!d}
 f - 8 chunks of flesh


   Skills:
 + Level 3.9 Fighting
 * Level 3.5 Axes
 + Level 3.5 Armour
 + Level 3.5 Shields


You had 2 spell levels left.
You didn't know any spells.
Your spell library was empty.

Dungeon Overview and Level Annotations

Branches:
Dungeon (1/15)

Altars:


Message History

A dart slug comes into view.
Found a ration.
A dart slug is nearby!
A dart slug is nearby!
You hit the dart slug. You block the dart slug's attack.
You hit the dart slug.
The dart slug bites you but does no damage.
You slash the dart slug!
You kill the dart slug!
No target in view!
You butcher the dart slug corpse.
f - 7 chunks of flesh (gained 1)
e - 4 rations {!d} (gained 1)
A goblin comes into view. It is wielding a club.
The goblin shouts!
The goblin moves out of view.
Found a short sword.
A rat comes into view.
The goblin hits you but does no damage.
Found a dagger.
There are monsters nearby!
There are monsters nearby!
Your shield prevents you from hitting the goblin.
You block the goblin's attack. The rat bites you but does no damage.
You slash the goblin!
You kill the goblin!
You have reached level 3!
Your experience leads to an increase in your attributes!
Increase (S)trength, (I)ntelligence, or (D)exterity?
You feel clever.
Your shield and scale mail prevent you from hitting the rat.
The rat bites you but does no damage.
You hit the rat.
You kill the rat!
No target in view!
You butcher the rat corpse.
f - 8 chunks of flesh (gained 1)
You see here a rat skeleton. x2
You see here a rat skeleton.
You see here a hunting sling.
There is a stone staircase leading down here.
You see here a bat skeleton.
You enter a teleport trap!
The teleport trap disappears.
Your surroundings suddenly seem different.
You see here a bat skeleton.
There is an open door here.
There is a staircase leading out of the dungeon here.
Are you sure you want to leave the Dungeon?
This will make you lose the game!
You have escaped!

# ######.#
#............. #.#
#.############
#.#######.# #.
#.........# #.
#####.####### #.
#.#.#.#.#.#.# #.
#+#'#'#'#'#'#'# #.
##.#.#.#.#.#.#.####
#.
+[......@.......'.#
#.
##.#.#.#.#.#.#.####
#. #+#'#'#+#'#'#'#
#.#.# #.#.#.# #####
#######


There were no monsters in sight!

Vanquished Creatures
  A dart slug (D:1)
  2 giant cockroaches (D:1)
  A goblin (D:1)
  A hobgoblin (D:1)
  6 jackals (D:1)
  3 bats (D:1)
  A frilled lizard (D:1)
  A kobold (D:1)
  5 rats (D:1)
21 creatures vanquished.

Notes
Turn   | Place    | Note
-------+----------+-------------------------------------------
     0 | D:1      | MalarOregon the Hill Orc Fighter began the quest for the
                  | Orb.
     0 | D:1      | Reached XP level 1. HP: 19/19 MP: 1/1
    76 | D:1      | Reached XP level 2. HP: 20/27 MP: 2/2
   346 | D:1      | Reached XP level 3. HP: 33/33 MP: 3/3
   447 | D:$      | Got out of the dungeon alive.

Skill      XL: |  1 |
---------------+----+-----
Axes           | 3 |  3.5
Fighting       | |  3.9
Armour         | |  3.5
Shields        | |  3.5

Action                   || total
-------------------------++-------
Melee: War axe           ||    46
Armor: Scale mail        ||    26
Dodge: Dodged            ||    11
Block: Shield            ||    20
